 Dungeon Crawl Stone Soup version 0.25.0-1-g7eea58d (webtiles) character file.

Game seed: 14856985261539069610

528 edsrzf the Spear-Bearer (level 7, -3/40 HPs)
             Began as a Tengu Warper on June 26, 2020.
             Was an Initiate of Ashenzari.
             Killed by nerve-wracking pain
             ... invoked by Grinder
              (14 damage)
             ... on level 4 of the Dungeon.
             The game lasted 00:08:57 (2824 turns).

edsrzf the Spear-Bearer (Tengu Warper)              Turns: 2824, Time: 00:08:58

Health: -3/40      AC:  5    Str: 11 (12) XL:     7   Next: 23%
Magic:  11/11      EV: 14    Int: 13 (15) God:    Ashenzari [......]
Gold:   224        SH:  0    Dex: 12 (13) Spells: 8/10 levels left

rFire    . . .     SeeInvis .   a - +0 spear
rCold    . . .     Gourm    .   (no shield)
rNeg     . . .     Faith    .   b - +0 leather armour
rPois    .         Spirit   .   (helmet restricted)
rElec    .         Reflect  .   t - +1 cloak (curse)
rCorr    .         Harm     .   (no gloves)
MR       .....                  (boots unavailable)
Stlth    +.........             h - amulet of regeneration (curse)
HPRegen  0.53/turn              (no ring)
MPRegen  0.12/turn              (no ring)

@: brilliant, flying quickly and evasively, very slightly contaminated, quick
A: beak, talons 3, able to fly
a: Stop Flying, Curse Item, Renounce Religion


You were on level 4 of the Dungeon.
You worshipped Ashenzari.
Ashenzari was noncommittal.
You were hungry.

You visited 1 branch of the dungeon, and saw 5 of its levels.

You collected 224 gold pieces.

Inventory:

Hand Weapons
 a - a +0 spear (weapon)
Missiles
 e - 3 boomerangs of dispersal
 p - 4 boomerangs
 q - 3 javelins (quivered)
Armour
 b - a +0 leather armour (worn)
 t - a cursed +1 cloak (worn)
Jewellery
 h - a cursed amulet of regeneration (around neck)
 l - an uncursed amulet of guardian spirit
 u - an uncursed ring of protection from fire
Wands
 o - a wand of digging (9)
Scrolls
 c - a scroll of random uselessness
Potions
 g - 3 potions of magic
 j - a potion of degeneration
 k - a potion of curing
Comestibles
 f - 5 rations


   Skills:
 - Level 2.0 Fighting
 + Level 8.4 Polearms
 - Level 1.0 Throwing
 - Level 1.1 Armour
 - Level 2.1 Dodging
 - Level 2.0 Spellcasting
 - Level 2.4 Translocations


You had 8 spell levels left.
You knew the following spells:

 Your Spells              Type           Power        Failure   Level  Hunger
b - Blink                 Tloc           N/A          19%         2    None

Your spell library contained the following spells:

 Spells                   Type           Power        Failure   Level  Hunger
 Shroud of Golubria       Chrm/Tloc      #.....       30%         2    None
 Gell's Gravitas          Tloc           ##........   36%         3    None
 Lesser Beckoning         Tloc           ##........   36%         3    None
 Teleport Other           Tloc           ##......     36%         3    None
 Passage of Golubria      Tloc           N/A          77%         4    None


Dungeon Overview and Level Annotations

Branches:
Dungeon (5/15)
 Temple: D:4-7

Altars:
Ashenzari
Trog
Wu Jian

Annotations:
D:3 Terence
D:4 Grinder, Natasha


Innate Abilities, Weirdness & Mutations

You have a beak for a mouth.
You have claws for feet.
You can fly continuously.


Message History

The shadow imp hits you but does no damage.
You hit Natasha but do no damage. Your kick misses Natasha.
You peck Natasha, but do no damage.
Natasha is severely wounded.
You closely miss Natasha. Your kick misses Natasha.
Natasha is severely wounded.
Natasha closely misses you.
The shadow imp hits you but does no damage.
You barely miss Natasha. Your kick misses Natasha.
Natasha is severely wounded.
Natasha claws you but does no damage.
The shadow imp hits you but does no damage.
Okay, then.
Blink to where?
Press: ? - help, Dir - move target cursor You are very lightly contaminated with residual magic.
As you read the scroll of blinking, it crumbles to dust.
Throwing (i - inventory. (/) - cycle)
e - 5 boomerangs of dispersal (quivered)
Press: ? - help, Shift-Dir - straight line, f - Natasha
Aim: Natasha (severely wounded)
You throw a boomerang of dispersal.
The boomerang of dispersal hits Natasha.
Natasha blinks!
Throwing (i - inventory. (/) - cycle)
e - 4 boomerangs of dispersal (quivered)
Press: ? - help, Shift-Dir - straight line, f - ogre
Aim: an ogre, wielding a +0 giant club You throw a boomerang of dispersal.
The boomerang of dispersal hits the ogre.
The ogre blinks!
The ogre is lightly wounded.
Throwing (i - inventory. (/) - cycle)
e - 3 boomerangs of dispersal (quivered)
Press: ? - help, Shift-Dir - straight line, f/p - ogre
Aim: an ogre, wielding a +0 giant club (lightly wounded)
Okay, then.
Quiver which item? (- for none, * to show all) (? for menu, Esc to quit)
Quivering
q - 6 javelins for throwing.
Throwing (i - inventory. (/) - cycle)
q - 6 javelins (quivered)
Press: ? - help, Shift-Dir - straight line, f/p - ogre
Aim: an ogre, wielding a +0 giant club (lightly wounded)
You throw a javelin. The javelin pierces through Grinder.
Grinder is lightly wounded.
The javelin pierces through the ogre.
The ogre is lightly wounded.
Throwing (i - inventory. (/) - cycle)
q - 5 javelins (quivered)
Press: ? - help, Shift-Dir - straight line, f/p - ogre
Aim: an ogre, wielding a +0 giant club (lightly wounded)
You throw a javelin. The javelin pierces through Grinder!
Grinder is moderately wounded.
The javelin pierces through the ogre but does no damage.
The ogre is lightly wounded.
The javelin barely misses the shadow imp.
The shadow imp shouts, "Accept thy doom, thou skyhacking earth-vexing malt-worm!"
Throwing (i - inventory. (/) - cycle)
q - 4 javelins (quivered)
Press: ? - help, Shift-Dir - straight line, f/p - ogre
Aim: an ogre, wielding a +0 giant club (lightly wounded)
You throw a javelin. The javelin barely misses Grinder.
The javelin barely misses the ogre.
The javelin closely misses the shadow imp.
Grinder gestures at you.
You suddenly lose the ability to move!
The shadow imp disappears in a puff of smoke!
Grinder hits you.
You writhe in agony.
Grinder hits you.
You can move again.
Unknown command.
You closely miss Grinder.
Grinder is moderately wounded.
Grinder gestures at you. Pain shoots through your body!
Okay, then.
You closely miss Grinder. Your kick misses Grinder.
Grinder is moderately wounded.
Grinder gestures at you. You resist with significant effort.
You hit Grinder. Your kick misses Grinder.
Grinder is moderately wounded.
You hit Grinder.
Grinder is moderately wounded.
Grinder hits you.
You feel much better.
Grinder says, "DUCK!"
Grinder hits you.
You writhe in agony.
You are feeling hungry.
You closely miss Grinder. You claw Grinder, but do no damage.
Grinder is moderately wounded.
Grinder misses you.
You barely miss Grinder.
Grinder is moderately wounded.
You hit Grinder but do no damage. Your peck misses Grinder.
Grinder is moderately wounded.
Grinder hits you.
You writhe in agony.
You hit Grinder. You peck Grinder, but do no damage.
Grinder is heavily wounded.
Grinder hits you.
You writhe in agony.
* * * LOW HITPOINT WARNING * * *
It was a potion of brilliance.
You feel clever all of a sudden. Grinder gestures at you.
Pain shoots through your body!
You die...

######......##..(###
###.#+## #.....##......#
#.# # #####.....#..#.#..#
#.#.## +....$....'...>...+
...... ###......##..#.#.##
#.#### #......###.....#
###### # #......# ##...##
.....# #
#......#####'######.....#.#
#
+......'.....@5O..'.(...#.#
##
#......############.....#.#
#. #......# #.....#.# #.
#####.....#.# #.
#.........#.###.
#....O....#...[.
#....h....#.....
.......5..5.....
#....###..#.....


You could see Grinder and an ogre.

Vanquished Creatures
  Duvessa (D:4)
  A centaur (D:4)
  Dowan (D:4)
  A scorpion (D:4)
  A hound (D:4)
  Ijyb (D:5)
  A worker ant (D:4)
  An orc wizard (D:4)
  3 adders
  A worm (D:2)
  2 dart slugs (D:2)
  5 leopard geckos
  10 orcs
  2 ball pythons
  14 bats
  5 giant cockroaches
  11 goblins
  8 hobgoblins
  8 jackals
  6 kobolds
  A quokka (D:2)
  3 frilled lizards
  9 rats
96 creatures vanquished.

Notes
Turn   | Place    | Note
-------+----------+-------------------------------------------
     0 | D:1      | edsrzf the Tengu Warper began the quest for the Orb.
     0 | D:1      | Reached XP level 1. HP: 12/12 MP: 4/4
    95 | D:1      | Reached XP level 2. HP: 17/17 MP: 6/6
   107 | D:1      | Reached skill level 3 in Polearms
   311 | D:1      | Reached XP level 3. HP: 19/21 MP: 7/7
   414 | D:1      | Reached skill level 4 in Polearms
   644 | D:2      | Found a shattered altar of Ashenzari.
   655 | D:2      | Became a worshipper of Ashenzari the Shackled
   823 | D:2      | Found a bloodstained altar of Trog.
   943 | D:2      | Reached XP level 4. HP: 26/26 MP: 8/8
  1314 | D:3      | Reached skill level 5 in Polearms
  1419 | D:3      | Noticed Terence
  1465 | D:2      | Learned a level 2 spell: Blink
  1594 | D:3      | Gained mutation: You can fly continuously. [Tengu growth]
  1594 | D:3      | Reached XP level 5. HP: 30/30 MP: 9/9
  1984 | D:3      | Found an ornate altar of the Wu Jian Council.
  2068 | D:4      | Noticed Dowan
  2083 | D:4      | Noticed an ogre
  2094 | D:5      | Entered Level 5 of the Dungeon
  2132 | D:5      | Noticed Ijyb
  2147 | D:5      | Killed Ijyb
  2147 | D:5      | Reached skill level 6 in Polearms
  2249 | D:4      | Noticed Grinder
  2288 | D:4      | Reached XP level 6. HP: 30/35 MP: 10/10
  2309 | D:4      | Identified 4 potions of magic
  2310 | D:4      | Identified 2 potions of degeneration
  2311 | D:4      | Identified 2 potions of curing
  2312 | D:4      | Reached skill level 7 in Polearms
  2424 | D:4      | Paralysed by Grinder for 5 turns
  2430 | D:4      | Identified 2 scrolls of random uselessness
  2431 | D:4      | Identified a scroll of enchant armour
  2432 | D:4      | Identified a scroll of noise
  2433 | D:4      | Identified a scroll of teleportation
  2436 | D:4      | Paralysed by Grinder for 6 turns
  2576 | D:4      | Noticed Duvessa
  2598 | D:4      | Killed Duvessa
  2598 | D:4      | Reached skill level 8 in Polearms
  2598 | D:4      | Reached XP level 7. HP: 22/40 MP: 11/11
  2626 | D:4      | Killed Dowan
  2631 | D:4      | Identified a potion of heal wounds
  2790 | D:4      | Noticed Natasha
  2811 | D:4      | Paralysed by Grinder for 4 turns
  2824 | D:4      | Identified a potion of brilliance
  2824 | D:4      | Killed from afar by Grinder

Illustrated notes

Levels and vault maps discovered:
D:1:      grunt_arrival_lava_bath, layout_basic
D:2:      layout_basic, lemuel_coloured_pillars_altar, evilmike_ruin_ashenzari,
          minmay_pentomino_t2
D:3:      layout_rooms, marbit_many_paths, first_ration, uniq_terence
D:4:      layout_basic, kennysheep_small_circle, uniq_duvessa, uniq_natasha,
          uniq_grinder
D:5:      layout_rooms, lemuel_crystal_altar, minmay_temple_entry_nine_rooms,
          uniq_ijyb

Skill      XL: |  1  2  3  4  5  6 |
---------------+-------------------+-----
Polearms       | 3 4 5 6 8 |  8.4
Fighting       | |  2.0
Throwing       | |  1.0
Armour         | |  1.1
Dodging        | |  2.1
Spellcasting   | |  2.0
Translocations | |  2.4

Action                   |  1- 3 |  4- 6 |  7- 9 || total
-------------------------+-------+-------+-------++-------
Melee: Spear             |   128 |   237 |    41 ||   406
       Kick              |    25 |    55 |     3 ||    83
       Peck              |    16 |    29 |     3 ||    48
Throw: Javelin           |       |       |     3 ||     3
       Boomerang         |       |       |     2 ||     2
Invok: Curse Item        |     1 |     1 |       ||     2
 Abil: Fly               |       |     1 |       ||     1
  Use: Potion            |       |     4 |     3 ||     7
       Scroll            |       |     4 |     1 ||     5
 Stab: Sleeping          |     2 |     2 |       ||     4
  Eat: Chunk             |       |     6 |       ||     6
Armor: Leather armour    |    15 |    40 |    10 ||    65
Dodge: Dodged            |    46 |    96 |    12 ||   154
